 Dungeon Crawl Stone Soup version 0.31-a0-277-g31ea1f65cc (webtiles) character file.

Game seed: 2010791498717199120

14 cforsyth the Changeling (level 2, 0/25 HPs)
             Began as a Meteoran Shapeshifter on July 15, 2023.
             Slain by a worm (11 damage)
             ... on level 1 of the Dungeon.
             The game lasted 00:01:34 (183 turns).

cforsyth the Changeling (Meteoran Shapeshifter)      Turns: 183, Time: 00:01:35

Health: 0/25       AC:  2    Str: 16    XL:     2   Next: 82%
Magic:  3/3        EV: 12    Int:  9    God:
Gold:   17         SH:  0    Dex: 14    Spells: 1/1 levels left

rFire   . .          .
                       - Unarmed
rCold   . . .        (no shield)
rNeg    . . .        a - +0 animal skin
rPois   .            (helmet currently unavailable)
rElec   .            (cloak currently unavailable)
rCorr   .            (gloves currently unavailable)
SInv    .            (boots currently unavailable)
Will    .....        (no amulet)
Stlth   +            (no ring)
HPRegen 0.24/turn    (no ring)
MPRegen 0.08/turn

%: no passive effects
@: beast-form, glowing
A: beast (slay +2), sense surroundings 1, otherworldly, glowing, explore regen
a: Begin Untransformation


You were on level 1 of the Dungeon.
You were a hulking beast.
You visited 1 branch of the dungeon, and saw 1 of its levels.

You collected 17 gold pieces.

Inventory:

Armour
 a - a +0 animal skin (worn)
Talismans
 c - a beast talisman
Scrolls
 d - a scroll of identify {unknown}
Potions
 b - a potion of lignification


   Skills:
 + Level 2.8 Fighting
 - Level 2.4 Dodging
 + Level 3.1 Unarmed Combat
 - Level 3.6 Shapeshifting


You had one spell level left.
You didn't know any spells.
Your spell library was empty.

Dungeon Overview and Level Annotations

Branches:
Dungeon (1/15) Zot: 417

Altars:


Innate Abilities, Weirdness & Mutations

You are a hulking beast.
Your limbs bulge with bestial killing power. (Slay +2)
You passively map a small area around you.
You are easily found by Zot.
You glow in the dark.
You regain HP and MP as you explore.


Message History

A kobold comes into view. It is wielding a +0 short sword.
The kobold shouts!
You see here a ball python corpse.
You punch the kobold!
You kill the kobold!
You see here a +0 short sword.
Found a robe.
You see here a +0 robe.
Found a scroll labelled SOTIFE HEAX.
d - a scroll labelled SOTIFE HEAX A ball python comes into view.
The ball python hisses angrily.
You hit the ball python. You punch the ball python.
You kill the ball python!
A worm and a rat come into view.
The worm moves out of view.
A goblin comes into view. It is wielding a +0 dagger.
Found a stone staircase leading down.
The goblin shouts!
You hit the rat.
You kill the rat!
Found a small steel amulet.
You closely miss the goblin. The goblin hits you with a +0 dagger.
You hit the goblin.
The goblin is moderately wounded.
The goblin hits you with a +0 dagger.
You punch the goblin!
You kill the goblin!
The worm barely misses you.
Things that are here:
a +0 dagger; a goblin corpse You hit the worm.
The worm is moderately wounded.
You hit the worm.
The worm is heavily wounded.
The worm bites you!
You hit the worm.
The worm is severely wounded.
The worm bites you!
You die...

# # *,,### #...#
##. ..# #.###
#..## *#.# #.#
*.....# #.# #.# *
......# #.# #.#
,, ^>...^.*#.#
#.# *
,.......##.# #.#
....^...#.#####.#
*
.^.....wh.......#
"..^...#.....####
* ....^.##..##^#
.....# ##.##.# *
#...# #.##.# ,
#### #.##.# *
#.##.# #.##..
#.###.


You could see a worm.

Vanquished Creatures
  A giant cockroach (D:1)
  4 goblins (D:1)
  2 kobolds (D:1)
  3 ball pythons (D:1)
  2 bats (D:1)
  A rat (D:1)
13 creatures vanquished.

Notes
Turn   | Place    | Note
-------+----------+-------------------------------------------
     0 | D:1      | cforsyth the Meteoran Shapeshifter began the quest for the
                  | Orb.
     0 | D:1      | Reached XP level 1. HP: 17/17 MP: 2/2
    40 | D:1      | Reached XP level 2. HP: 20/25 MP: 3/3
   183 | D:1      | Slain by a worm

Illustrated notes

Levels and vault maps discovered:
D:1:      lightli_arrival_lavapool, layout_loops_ring, nicolae_wormholes

Skill      XL: |  1  2 |
---------------+-------+-----
Unarmed Combat | 3 |  3.1
Fighting       | |  2.8
Dodging        | |  2.4
Shapeshifting  | |  3.6

Action                     || total
---------------------------++-------
  Melee: Unarmed           ||    31
         Punch             ||     2
 Armour: Animal skin       ||     7
  Dodge: Dodged            ||    16

Table legend: (Time is in decaauts)
 A = Elapsed time spent in this place.
 B = Non-inter-level travel time spent in this place.
 C = Inter-level travel time spent in this place.
 D = Time resting spent in this place.
 E = Time spent auto-exploring this place.
 F = Levels seen in this place.
 G = Mean time per level.
                   A        B        C        D        E       F      G
               +--------+--------+--------+--------+--------+-----+--------+
         Total |    181 |    181 |      0 |      0 |      0 |   1 |  181.0 |
       Dungeon |    181 |    181 |      0 |      0 |      0 |   1 |  181.0 |
               +--------+--------+--------+--------+--------+-----+--------+

Top non-repeatable levels by time:
     D:1: 181 daAuts
